 Dungeon Crawl Stone Soup version 0.30-a0-377-g5cb311bc9f (webtiles) character file.

Game seed: 439953208523736403

74 bande the Covered (level 4, -2/29 HPs)
             Began as a Gargoyle Fighter on Nov 28, 2022.
             Slain by a gnoll
             ... wielding a +0 flail
              (5 damage)
             ... on level 3 of the Dungeon.
             The game lasted 00:04:13 (1826 turns).

bande the Covered (Gargoyle Fighter)                Turns: 1826, Time: 00:04:14

Health: -2/29      AC: 11    Str: 20    XL:     4   Next: 28%
Magic:  4/4        EV:  9    Int:  8    God:
Gold:   155        SH:  4    Dex: 11    Spells: 3/3 levels left

rFire   . . .      SeeInvis .    a - +1 war axe
rCold   . . .      Faith    .    c - +0 buckler
rNeg    + . .      Spirit   .    b - +0 scale mail
rPois   ∞          Reflect  .    (no helmet)
rElec   +          Harm     .    (no cloak)
rCorr   .          Rampage  .    l - +0 pair of gloves
Will    .....                    (no boots)
Stlth   ..........               (no amulet)
HPRegen 0.24/turn                (no ring)
MPRegen 0.09/turn                (no ring)

@: no status effects
A: sickness immunity, AC +3, negative energy resistance 1, electricity
resistance, torment resistance 1, petrification resistance
a: no special abilities


You were on level 3 of the Dungeon.
You visited 1 branch of the dungeon, and saw 3 of its levels.

You collected 155 gold pieces.

Inventory:

Hand Weapons
 a - a +1 war axe (weapon)
Armour
 b - a +0 scale mail (worn)
 c - a +0 buckler (worn)
 l - a +0 pair of gloves (worn)
Jewellery
 e - a ring of protection from cold
 i - an amulet of magic regeneration
Scrolls
 m - 2 scrolls of fear {unknown}
 n - a scroll of teleportation {unknown}
Potions
 d - a potion of might
 f - a potion of resistance {unknown}
 g - a potion of attraction {unknown}
 h - a potion of haste {unknown}
 j - a potion of curing {unknown}
 k - a potion of degeneration {unknown}
 o - a potion of lignification {unknown}


   Skills:
 + Level 3.8 Fighting
 + Level 2.7 Axes
 + Level 4.0 Armour
 + Level 3.6 Shields


You had 3 spell levels left.
You didn't know any spells.
Your spell library contained the following spells:

 Spells                   Type           Power      Damage    Failure   Level
 Ozocubu's Armour         Ice            0%         N/A       99%         3
 Vhi's Electric Charge    Tloc/Air       0%         N/A       99%         3
 Arcjolt                  Conj/Air       0%         1d10      100%        5
 Iskenderun's Battlesphe  Conj           0%         2d6       100%        5
 Metabolic Englaciation   Hex/Ice        0%         N/A       100%        5
 Iron Shot                Conj/Erth      0%         9d1       100%        6
 Simulacrum               Ice/Necr       0%         N/A       100%        6
 Spellforged Servitor     Conj/Summ      0%         N/A       100%        7
 Maxwell's Capacitive Co  Air            0%         ∞         100%        8


Dungeon Overview and Level Annotations

Branches:
Dungeon (3/15)

Altars:

Shops:
D:2 [[??


Innate Abilities, Weirdness & Mutations

You are immune to sickness and miasma.
Your stone body is resilient. (AC +3)
You are immune to poison.
You resist negative energy. (rN+)
You are resistant to electric shocks. (rElec)
You are resistant to unholy torment.
You are immune to petrification.


Message History

You see here a bat corpse.
m - 2 scrolls labelled MARPHUE POCO (gained 1) 2 gnolls come into view.
The gnoll shouts!
You hear a shout!
A gnoll comes into view. It is wielding a +0 flail.
There are monsters nearby!
A giant cockroach comes into view.
Found a leather armour.
The giant cockroach moves out of view.
You see here the +6 mace of Cheibriados's Regard {protect, rC+ Str+5}.
You closely miss the gnoll. The gnoll hits you but does no damage.
The gnoll barely misses you.
You slash the gnoll!
The gnoll is almost dead.
The gnoll hits you but does no damage.
You hit the gnoll.
You kill the gnoll!
You barely miss the gnoll. The gnoll hits you with a +0 flail. x3
Your Armour skill increases to level 4!
You hit the gnoll but do no damage. You closely miss the gnoll.
The gnoll hits you but does no damage. You block the gnoll's attack.
You barely miss the gnoll. You hit the gnoll. The gnoll closely misses you.
The gnoll barely misses you.
You slash the gnoll!
The gnoll is heavily wounded.
You slash the gnoll! The gnoll hits you with a +0 flail.
The gnoll hits you with a +0 flail!
* * * LOW HITPOINT WARNING * * *
The gnoll hits you with a +0 flail.
* * * LOW HITPOINT WARNING * * *
The gnoll hits you but does no damage.
You barely miss the gnoll.
The gnoll is heavily wounded.
You closely miss the gnoll. You block the gnoll's attack.
The gnoll hits you but does no damage.
A quokka comes into view.
You closely miss the gnoll.
The gnoll is heavily wounded.
You closely miss the gnoll. You block the gnoll's attack.
The gnoll closely misses you. The gnoll hits you with a +0 flail.
You die...

# #...###+#####.#...
#.#..........##.#.##
.
.............##.....
..
.#........†'....##
... #.........######
.... #.........#
....[ #.........#
.r....##.........#
.....Bg@.........#
####..g.##########
#....# ........
#.##....# # .......
........ ...♣....


You could see 2 gnolls, a quokka and a giant cockroach.

Vanquished Creatures
  A gnoll (D:3)
  An adder (D:2)
  2 dart slugs (D:1)
  5 ball pythons
  8 bats
  2 endoplasms (D:1)
  4 giant cockroaches
  5 goblins
  3 hobgoblins
  2 kobolds (D:2)
  2 quokkas
  2 frilled lizards
  17 rats
54 creatures vanquished.

Notes
Turn   | Place    | Note
-------+----------+-------------------------------------------
     0 | D:1      | bande the Gargoyle Fighter began the quest for the Orb.
     0 | D:1      | Reached XP level 1. HP: 14/14 MP: 1/1
    82 | D:1      | Reached XP level 2. HP: 14/19 MP: 2/2
   321 | D:1      | Found a faded altar of an unknown god.
   470 | D:1      | Reached XP level 3. HP: 24/24 MP: 3/3
   991 | D:2      | Found Sylenue's Magic Scroll Boutique.
  1120 | D:2      | Found Tetupt's Magic Scroll Shoppe.
  1289 | D:2      | Found Gauc's Armour Shoppe.
  1295 | D:2      | Found Yhoobugo's Antique Armour Shop.
  1384 | D:2      | Reached XP level 4. HP: 29/29 MP: 4/4
  1818 | D:3      | Identified the +6 mace of Cheibriados's Regard {protect,
                  | rC+ Str+5}
  1822 | D:3      | Reached skill level 4 in Armour
  1826 | D:3      | Slain by a gnoll

Illustrated notes

Levels and vault maps discovered:
D:1:      onia_arrival_handbag, layout_basic, ebering_ecumenical_altar_hall
D:2:      layout_loops_ring, serial_shops, shop, shop, shop_statue, shop,
          minivault_5, minmay_rat_gold_closets
D:3:      layout_basic, makhleb_altar_promises_db, portal_sewer_entry_f,
          chequers_garden, kennysheep_generic_room_5

Skill      XL: |  1  2  3  4 |
---------------+-------------+-----
Axes           | 2 |  2.7
Armour         | 4 |  4.0
Fighting       | |  3.8
Shields        | |  3.6

Action                   |  1- 3 |  4- 6 || total
-------------------------+-------+-------++-------
Melee: War axe           |    99 |    27 ||   126
  Use: Scroll            |     2 |       ||     2
Armor: Scale mail        |    63 |    14 ||    77
Dodge: Dodged            |    64 |    13 ||    77
Block: Buckler           |    19 |     3 ||    22

Table legend: (Time is in decaauts)
 A = Elapsed time spent in this place.
 B = Non-inter-level travel time spent in this place.
 C = Inter-level travel time spent in this place.
 D = Time resting spent in this place.
 E = Time spent auto-exploring this place.
 F = Levels seen in this place.
 G = Mean time per level.
                   A        B        C        D        E       F      G
               +--------+--------+--------+--------+--------+-----+--------+
         Total |   1881 |   1802 |     79 |      0 |   1384 |   3 |  627.0 |
       Dungeon |   1881 |   1802 |     79 |      0 |   1384 |   3 |  627.0 |
               +--------+--------+--------+--------+--------+-----+--------+

Top non-repeatable levels by time:
     D:2: 982 daAuts
     D:1: 822 daAuts
     D:3: 76 daAuts
